 Dungeon Crawl Stone Soup version 0.24.1-4-ge52af88ad5 (webtiles) character file.

Game seed: 2708731933678368285, levelgen mode: deterministic

7998 nicanaca0 the Severer (level 11, -13/75 HPs)
             Began as a Minotaur Berserker on Apr 19, 2020.
             Was a High Priest of Trog.
             Killed from afar by a hell hog (25 damage)
             ... with a fireball
             ... on level 1 of the Abyss.
             The game lasted 00:46:27 (11536 turns).

nicanaca0 the Severer (Minotaur Berserker)         Turns: 11536, Time: 00:46:27

Health: -13/75     AC: 16    Str: 18    XL:     11   Next: 4%
Magic:  10/10      EV:  9    Int:  7    God:    Trog [*****.]
Gold:   586        SH:  0    Dex: 10    Spells: 10/10 levels left

rFire    . . .     SeeInvis .   d - +2 battleaxe
rCold    . . .     Gourm    +   (shield currently unavailable)
rNeg     . . .     Faith    .   W - +0 plate armour (curse)
rPois    .         Spirit   .   (helmet restricted)
rElec    .         Reflect  .   S - +0 cloak
rCorr    +         Harm     .   B - +0 pair of gloves
MR       .....                  (no boots)
Stlth    ..........             H - amulet of the gourmand {Gourm, !d}
HPRegen  0.22/turn              U - +3 ring of evasion
MPRegen  0.12/turn              I - ring of resist corrosion

@: very slightly contaminated, invisible
A: retaliatory headbutt, horns 2, [frail 2], [screaming 2], [weak 2], [no potion
heal 2], [subdued magic 2]
a: Berserk, Trog's Hand, Brothers in Arms, Renounce Religion


You were on level 1 of the Abyss.
You worshipped Trog.
Trog was extremely pleased with you.
You were full.

You visited 1 branch of the dungeon, and saw 10 of its levels.
You visited the Abyss 1 time.
You also visited: Ossuary.

You collected 586 gold pieces.

Inventory:

Hand Weapons
 a - a +1 war axe
   (You found it on level 4 of the Dungeon)
 d - a +2 battleaxe (weapon)
   (You took it off an orc warrior on level 6 of the Dungeon)
 e - a +3 dire flail
   (You took it off a wight on level 9 of the Dungeon)
 F - a +4 shortbow
   (You took it off a centaur on level 7 of the Dungeon)
 L - a +2 dagger of draining
   (You took it off Dowan on level 6 of the Dungeon)
Missiles
 y - 318 stones
 M - 3 boomerangs of dispersal (quivered) {=f}
 N - 4 javelins
 Q - 6 poisoned darts
Armour
 A - the +4 robe "Kodas" {Str+3, unknown}
   (You found it on level 4 of the Dungeon)

   It affects your strength (+3).
 B - a +0 pair of gloves (worn)
   (You found it on level 5 of the Dungeon)
 D - a +2 buckler
   (You found it on level 7 of the Dungeon)
 E - a +2 scale mail of cold resistance
   (You took it off Terence on level 3 of the Dungeon)
 S - a +0 cloak (worn)
   (You found it on level 5 of the Dungeon)
 W - a cursed +0 plate armour (worn)
   (You found it on level 2 of the Dungeon)
Magical Staves
 G - an uncursed staff of death {unknown}
   (You found it on level 1 of the Abyss)
Jewellery
 H - an amulet of the gourmand (around neck) {Gourm, !d}
   (You found it on level 6 of the Dungeon)
 I - a ring of resist corrosion (right hand)
   (You found it on level 9 of the Dungeon)
 U - a +3 ring of evasion (left hand)
   (You found it on level 6 of the Dungeon)
Wands
 C - a wand of enslavement (5)
   (You found it on level 8 of the Dungeon)
 K - a wand of digging (10)
   (You took it off an orc priest on level 6 of the Dungeon)
 V - a wand of paralysis (14)
   (You found it on level 5 of the Dungeon)
Scrolls
 b - a scroll of magic mapping {!r}
 c - 3 scrolls of enchant weapon
 g - a scroll of amnesia
 h - 3 scrolls of fear
 l - 3 scrolls of identify {@r1}
 m - a scroll of random uselessness
 n - a scroll of teleportation {@r4}
 r - 9 scrolls of remove curse {@r2}
 s - 5 scrolls of fog
 u - a scroll of enchant armour
 z - a scroll of immolation {!r}
 J - a scroll of vulnerability {unknown}
 P - a scroll of noise {!r}
 R - a scroll of blinking {@r3!r}
Potions
 f - 2 potions of brilliance
 i - 3 potions of agility
 j - a potion of degeneration {!q}
 k - a potion of heal wounds
 o - 7 potions of lignification {!q}
 p - a potion of haste {@q3}
 q - 2 potions of flight
 t - a potion of might {@q4}
 v - a potion of cancellation
 O - 12 potions of curing {@q1}
Comestibles
 w - 19 rations


   Skills:
 + Level 7.8 Fighting
 * Level 16.5 Axes
 - Level 8.5 Armour
 - Level 2.1 Dodging
 * Level 0.0 Stealth


You had 10 spell levels left.
You didn't know any spells.
Your spell library was empty.

Dungeon Overview and Level Annotations

Branches:
Dungeon (10/15)            Temple (0/1) D:7             Orc (0/2) D:10
Ossuary (visited)
   Lair: D:8-11

Altars:
Gozag
Kikubaaqudgha
Ru
Wu Jian
Yredelemnul
Zin

Shops:
D:4 [   D:9 (

Annotations:
D:4 2 transporters, Sassenached's ghost, amateur DrWn
D:5 1 runed translucent door, PeMo's ghost, novice MiGl


Innate Abilities, Weirdness & Mutations

You reflexively headbutt those who attack you in melee.
You have a pair of horns on your head.
[You are very frail. (-20% HP)]
[You sometimes yell uncontrollably at your foes.]
[You are very weak. (Str -4)]
[Potions are poor at restoring your health.]
[Your spells are easier to cast, but less powerful.]


Message History

The worldbinder hits you but does no damage.
The worldbinder calls forth creatures from the Lair of Beasts!
The blink frog gives a loud, deep croak!
The dream sheep bleats! x2
The smoke demon roars!
The white imp shouts!
The blink frog gives a loud, deep croak!
The dream sheep bleats!
The worldbinder calls forth creatures from the Shoals!
As you read the scroll of teleportation {@r4}, it crumbles to dust.
You feel strangely unstable.
You feel the power of the Abyss delaying your translocation!
The blink frog gives a loud, deep croak!
The dream sheep bleats!
The worldbinder hits you.
The worldbinder hits you but does no damage.
The dream sheep barely misses you. You furiously retaliate!
You headbutt the dream sheep. A chorus of shrieks assaults your mind.
The worldbinder hits you but does no damage. x2
The dream sheep bleats!
You hear a trumpeting!
A chorus of shrieks assaults your mind.
The wind drake hisses angrily.
The blink frog croaks.
The dream sheep bleats!
The blink frog disappears in a puff of smoke!
The worldbinder calls forth creatures from the Lair of Beasts!
A chaos spawn comes into view.
You yell at the chaos spawn!
You closely miss the blink frog. Your headbutt misses the blink frog.
You closely miss the white imp. You slash the worldbinder!
The dream sheep bleats!
The dream sheep disappears in a puff of smoke!
The blink frog barely misses you.
The worldbinder calls forth creatures from the Shoals!
A large abomination comes into view.
The dream sheep bleats!
The merfolk siren shouts!
The wind drake hisses angrily.
The blink frog hits you but does no damage.
The merfolk siren shouts!
The worldbinder hits you but does no damage.
The worldbinder hits you.
The starcursed mass shrieks in your mind.
The dream sheep bleats!
The merfolk siren shouts!
The wind drake hisses angrily.
The dream sheep bleats!
The merfolk siren shouts!
The worldbinder hits you but does no damage. x2
You are suddenly pulled into a different region of the Abyss!
The manticore disappears in a puff of smoke!
Your system partially rejects the healing.
You feel much better.
Your system partially rejects the healing.
You feel much better.
You flicker for a moment.
The sea snake hisses angrily.
You flicker back into view.
The sea snake hisses angrily.
You feel yourself speed up.
The sea snake changes into an eye of devastation!
The eye of devastation changes into an anaconda!
You enter the shallow water.
Moving in this stuff is going to be slow.
The anaconda changes into a sea snake!
You enter the shallow water.
Moving in this stuff is going to be slow.
The sea snake changes into a merfolk!
You fade into invisibility!
A swamp worm comes into view.
The swamp worm changes into a floating eye!
You enter the shallow water.
Moving in this stuff is going to be slow. ...and don't expect to remain undetected.
Why would you want to do that?
You flicker for a moment.
You yell at the large abomination!
A large abomination comes into view.
Your extra speed is starting to run out.
You flicker back into view.
Found a roughly hewn altar of Beogh.
You feel yourself slow down.
A white imp comes into view.
A hell hog comes into view.
You yell at the hell hog!
The white imp shouts, "Tremble, thou qualling weeb-spouting clotpole!"
The hell hog squeals angrily.
The hell hog breathes fire at you.
The fireball explodes!
The fireball engulfs you! The hell hog breathes fire at you.
The fireball explodes!
The fireball engulfs you!!
* * * LOW HITPOINT WARNING * * *
The fireball engulfs the hell hog!
The hell hog resists.
The hell hog bites you but does no damage.
Okay, then.
Here: a hell hog (lightly wounded, catching its breath)
The floor.
You fade into invisibility!
The hell hog bites you!
* * * LOW HITPOINT WARNING * * *
The hell hog bites you!
* * * LOW HITPOINT WARNING * * *
The hell hog breathes fire at something.
The fireball explodes!
The fireball engulfs you!!
You die...

#. .... ♣.. ....
≈... #..#
≈...##..## .......#
###### ..... .#....
#..# #.....
...###.H####..#.#
.........#.#.#..
........h#..# # #
....##..#....###..#
#.####_..##.#....#
# #.#..##..#.#...#.
#..#. ###.##...# .
#.#.#.. ...#..
#.### . .....#..#.#


You could see a hell hog.

Vanquished Creatures
  A hornet (D:7)
  A hippogriff (D:9)
  Prince Ribbit (D:9)
  2 wraiths (D:9)
  A wyvern (D:10)
  6 yaks (D:9)
  Duvessa (D:6)
  3 orc warriors
  2 ice beasts
  4 necrophages
  A black bear (D:9)
  A sky beast (D:6)
  5 ogres
  3 phantoms
  10 centaurs
  A gnoll sergeant (D:9)
  3 big kobolds
  4 bullfrogs
  Dowan (D:6)
  A wyvern skeleton (D:9)
  3 scorpions
  3 wights (D:9)
  A howler monkey (D:6)
  A troll skeleton (D:9)
  2 centaur zombies
  3 crimson imps
  5 hounds
  6 jellies
  A quasit (D:9)
  A bullfrog skeleton (D:4)
  A centaur skeleton (D:7)
  6 orc priests
  10 orc wizards
  3 human zombies
  An iguana (D:5)
  Ijyb (D:3)
  Terence (D:3)
  8 worker ants
  A killer bee zombie (D:9)
  4 ogre zombies (Ossuary)
  A big kobold zombie (Ossuary)
  A hound zombie (D:8)
  8 mummies
  A worker ant zombie (D:7)
  10 gnolls
  12 adders
  4 shadow imps
  6 oozes
  4 adder zombies (Ossuary)
  2 adder skeletons (D:4)
  A worm (D:4)
  3 leopard geckos
  36 orcs
  4 bats
  3 giant cockroaches
  A goblin (D:1)
  5 hobgoblins
  10 jackals
  3 quokkas
  2 ball pythons
  5 frilled lizards
  4 goblin zombies (Ossuary)
  3 hobgoblin zombies (Ossuary)
  14 kobolds
  2 kobold zombies (Ossuary)
  A leopard gecko skeleton (D:5)
  2 orc zombies (D:9)
  3 quokka skeletons (D:5)
  5 quokka zombies (Ossuary)
  5 rats
  5 rat zombies (Ossuary)
280 creatures vanquished.

Vanquished Creatures (collateral kills)
  A centaur warrior (D:8)
  An eye of draining (D:8)
  A centaur skeleton (D:8)
  A hound zombie (D:8)
4 creatures vanquished.

Vanquished Creatures (others)
  2 withered plants (D:5)
2 creatures vanquished.

Grand Total: 286 creatures vanquished

Notes
Turn   | Place    | Note
-------+----------+-------------------------------------------
     0 | D:1      | nicanaca0 the Minotaur Berserker began the quest for the
                  | Orb.
     0 | D:1      | Reached XP level 1. HP: 19/19 MP: 0/0
   238 | D:1      | Reached skill level 4 in Axes
   340 | D:1      | Reached XP level 2. HP: 18/26 MP: 1/1
  1091 | D:2      | Reached skill level 5 in Axes
  1288 | D:2      | Reached XP level 3. HP: 29/31 MP: 2/2
  1356 | D:2      | Found a basalt altar of Yredelemnul.
  1692 | D:3      | Noticed Ijyb
  1708 | D:3      | Killed Ijyb
  1859 | D:3      | Reached XP level 4. HP: 37/39 MP: 3/3
  1892 | D:3      | Reached skill level 6 in Axes
  1924 | D:3      | Noticed Terence
  1945 | D:3      | Killed Terence
  1999 | D:3      | Found a sacrificial altar of Ru.
  2116 | D:4      | Noticed an ogre
  2147 | D:4      | Killed an ogre
  2147 | D:4      | Reached skill level 7 in Axes
  2147 | D:4      | Reached XP level 5. HP: 32/45 MP: 4/4
  2184 | D:4      | Reached ** piety under Trog
  2184 | D:4      | Reached skill level 8 in Axes
  2377 | D:4      | Got a colourful robe
  2470 | D:4      | Found a sand-covered staircase.
  2480 | Ossuary  | Entered an ossuary
  2532 | Ossuary  | Reached XP level 6. HP: 50/51 MP: 5/5
  2846 | Ossuary  | Reached skill level 9 in Axes
  2862 | Ossuary  | HP: 4/51 [mummy (14)]
  2914 | Ossuary  | HP: 12/51 [centaur zombie (1)]
  2924 | Ossuary  | HP: 11/51 [centaur zombie (4)]
  2930 | Ossuary  | HP: 7/51 [centaur zombie (5)]
  3171 | Ossuary  | Reached XP level 7. HP: 50/57 MP: 6/6
  3397 | D:4      | Reached *** piety under Trog
  3439 | D:4      | Found a transporter.
  3450 | D:4      | Noticed Sassenached's ghost (amateur DrWn)
  3479 | D:4      | Found Hoixuv's Antique Armour Emporium.
  3484 | D:4      | Reached skill level 4 in Fighting
  3484 | D:4      | Reached skill level 10 in Axes
  3937 | D:4      | Found a transporter.
  4105 | D:5      | Entered Level 5 of the Dungeon
  4498 | D:5      | Reached skill level 5 in Fighting
  4498 | D:5      | Reached XP level 8. HP: 52/68 MP: 7/7
  4655 | D:5      | Found a runed translucent door.
  4655 | D:5      | Noticed PeMo's ghost (novice MiGl)
  4669 | D:5      | Reached skill level 11 in Axes
  5149 | D:6      | Reached skill level 6 in Fighting
  5263 | D:6      | Noticed Duvessa
  5269 | D:6      | Noticed Dowan
  5274 | D:6      | Killed Duvessa
  5274 | D:6      | Reached skill level 12 in Axes
  5283 | D:6      | Killed Dowan
  5332 | D:6      | Reached **** piety under Trog
  5545 | D:6      | Reached skill level 7 in Fighting
  5642 | D:6      | Reached XP level 9. HP: 68/79 MP: 8/8
  5818 | D:6      | Found an opulent altar of Gozag.
  5850 | D:6      | Reached skill level 3 in Armour
  6068 | D:6      | Found a glowing silver altar of Zin.
  6299 | D:7      | Reached skill level 13 in Axes
  6844 | D:7      | Found a staircase to the Ecumenical Temple.
  7048 | D:7      | Reached skill level 4 in Armour
  7749 | D:7      | Reached ***** piety under Trog
  7787 | D:7      | Reached skill level 5 in Armour
  7796 | D:7      | Reached skill level 14 in Axes
  8077 | D:8      | Noticed a centaur warrior
  8096 | D:8      | HP: 15/79 [centaur warrior (5)]
  8098 | D:8      | Killed a centaur warrior
  8111 | D:8      | Reached skill level 6 in Armour
  8543 | D:8      | Reached XP level 10. HP: 86/86 MP: 9/9
  8785 | D:8      | Found an ornate altar of the Wu Jian Council.
  9165 | D:9      | Found Reha Det's Antique Weapon Boutique.
  9360 | D:9      | Reached skill level 15 in Axes
  9431 | D:9      | Reached skill level 7 in Armour
  9576 | D:9      | Noticed Prince Ribbit
  9592 | D:9      | Killed Prince Ribbit
  9995 | D:9      | Reached skill level 8 in Armour
 10007 | D:9      | Reached skill level 16 in Axes
 10596 | D:9      | Found an ancient bone altar of Kikubaaqudgha.
 10959 | D:10     | Entered Level 10 of the Dungeon
 10992 | D:10     | Reached XP level 11. HP: 90/92 MP: 10/10
 11049 | D:10     | Found a staircase to the Orcish Mines.
 11136 | D:10     | Cast into level 1 of the Abyss (gnoll sergeant)
 11136 | Abyss:1  | Found a corrupted altar of Lugonu.
 11325 | Abyss:1  | Noticed a wretched star
 11399 | Abyss:1  | Noticed a starcursed mass
 11468 | Abyss:1  | Noticed a sea snake
 11468 | Abyss:1  | a glowing shapeshifter changed into a sea snake
 11472 | Abyss:1  | a sea snake changed into an eye of devastation
 11473 | Abyss:1  | Noticed an anaconda
 11473 | Abyss:1  | an eye of devastation changed into an anaconda
 11484 | Abyss:1  | Noticed a sea snake
 11484 | Abyss:1  | an anaconda changed into a sea snake
 11486 | Abyss:1  | a sea snake changed into a merfolk
 11522 | Abyss:1  | Found a roughly hewn altar of Beogh.
 11528 | Abyss:1  | Found a roughly hewn altar of Beogh.
 11528 | Abyss:1  | Noticed a hell hog
 11533 | Abyss:1  | HP: 11/75 [hell hog (9)]
 11536 | Abyss:1  | Killed from afar by a hell hog

Levels and vault maps discovered:
D:1:      evilmike_arrival_plus, layout_basic
D:2:      layout_basic, old_standard_altar
D:3:      layout_basic, nicolae_ru_the_path_less_chosen, uniq_terence, uniq_ijyb
D:4:      layout_basic, gammafunk_ghost_arena, gup_ossuary_entry_pyramid,
          kennysheep_small_circle
D:5:      layout_basic, gammafunk_ghost_grave, first_ration
D:6:      layout_basic, zin_scriptorium, grunt_gozag_statues,
          chequers_decorated_corner, uniq_duvessa
D:7:      minmay_slanted_spiral_squares, layout_loops_corners,
          minmay_temple_entry_overgrown
D:8:      minmay_curly_fans, layout_loops_ring, old_standard_altar
D:9:      layout_stronghold, lemuel_mausoleum_altar_kikubaaqudgha, serial_shops,
          nicolae_shop_behind_doors, minmay_microvault, uniq_prince_ribbit1
D:10:     layout_roguey [special_room_orc], lair_entry_dummy,
          kennysheep_orc_monster_closet_entryway,
          hangedman_little_slice_of_home, chequers_garden, uniq_sonja
Abyss:1:  base:
D:4

Skill      XL: |  1  2  3  4  5  6  7  8  9 10 |
---------------+-------------------------------+-----
Axes           | 4 5 7 8 9 10 12 14 16 | 16.5
Fighting       | 5 7 |  7.8
Armour         | 6 8 |  8.5
Dodging        | |  2.1

Action                   |  1- 3 |  4- 6 |  7- 9 | 10-12 || total
-------------------------+-------+-------+-------+-------++-------
Melee: Hand axe          |    80 |    75 |       |       ||   155
       Headbutt          |    15 |    31 |    46 |    50 ||   142
       War axe           |       |    71 |   222 |   171 ||   464
       Battleaxe         |       |       |   115 |    79 ||   194
Throw: Stone             |     1 |     3 |       |       ||     4
       Throwing net      |       |       |       |     1 ||     1
Invok: Trog's Hand       |       |       |     3 |     1 ||     4
       Berserk           |       |       |     1 |       ||     1
       Brothers in Arms  |       |       |     1 |       ||     1
Evoke: Wand              |       |     8 |     1 |       ||     9
  Use: Potion            |       |     2 |     3 |     7 ||    12
       Scroll            |       |       |    15 |    11 ||    26
 Stab: Sleeping          |     1 |       |       |       ||     1
  Eat: Chunk             |     2 |     3 |    25 |     7 ||    37
       Ration            |       |     1 |     1 |     1 ||     3
Armor: Animal skin       |     4 |       |       |       ||     4
       Plate armour      |    22 |    88 |   174 |   121 ||   405
Dodge: Dodged            |    26 |    62 |   104 |    82 ||   274
Block: Shield            |     1 |     1 |       |       ||     2
       Buckler           |       |       |     6 |    19 ||    25

Levels and vault maps discovered:
D:1:      evilmike_arrival_plus, layout_basic
D:2:      layout_basic, old_standard_altar
D:3:      layout_basic, nicolae_ru_the_path_less_chosen, uniq_terence, uniq_ijyb
D:4:      layout_basic, gammafunk_ghost_arena, gup_ossuary_entry_pyramid,
          kennysheep_small_circle
D:5:      layout_basic, gammafunk_ghost_grave, first_ration
D:6:      layout_basic, zin_scriptorium, grunt_gozag_statues,
          chequers_decorated_corner, uniq_duvessa
D:7:      minmay_slanted_spiral_squares, layout_loops_corners,
          minmay_temple_entry_overgrown
D:8:      minmay_curly_fans, layout_loops_ring, old_standard_altar
D:9:      layout_stronghold, lemuel_mausoleum_altar_kikubaaqudgha, serial_shops,
          nicolae_shop_behind_doors, minmay_microvault, uniq_prince_ribbit1
D:10:     layout_roguey [special_room_orc], lair_entry_dummy,
          kennysheep_orc_monster_closet_entryway,
          hangedman_little_slice_of_home, chequers_garden, uniq_sonja
Abyss:1:  base:
D:4

Table legend:
 A = Turns spent in this place as a percentage of turns spent in the entire game.
 B = Non-inter-level travel turns spent in this place as a percentage of non-inter-level travel turns spent in the entire game.
 C = Inter-level travel turns spent in this place as a percentage of turns spent in this place.
 D = Turns resting spent in this place as a percentage of non-inter-level travel turns spent in this place.
 E = Turns spent auto-exploring this place as a percentage of non-inter-level travel turns spent in this place.
 F = Non-inter-level travel turns spent in this place divided by the number of levels of this place that you've seen.
                   A       B       C       D       E      F
               +-------+-------+-------+-------+-------+----------------------
         Total | 100.0 | 100.0 |   1.8 |  12.5 |  63.8 | 943.9
       Dungeon |  89.1 |  88.9 |   2.0 |  12.4 |  68.2 | 1007.5
         Abyss |   3.5 |   3.5 |   0.0 |   0.0 |   0.0 | 400.0
       Ossuary |   7.4 |   7.5 |   0.0 |  19.7 |  42.5 | 852.0
               +-------+-------+-------+-------+-------+----------------------

Table legend:
 A = Kills in this place as a percentage of kills in entire the game.
 B = Kills by you in this place as a percentage of kills by you in the entire game.
 C = Kills by friends in this place as a percentage of kills by friends in the entire game.
 D = Other kills in this place as a percentage of other kills in the entire game.
 E = Experience gained in this place as a percentage of experience gained in the entire game.
 F = Experience gained in this place divided by the number of levels of this place that you have seen.
                   A       B       C       D       E      F
               +-------+-------+-------+-------+-------+----------------------
         Total | 100.0 | 100.0 | 100.0 |   N/A | 100.0 | 952.2
       Dungeon |  87.0 |  86.8 | 100.0 |   N/A |  96.7 | 1105.1
       Ossuary |  13.0 |  13.2 |   0.0 |   N/A |   3.3 | 376.0
               +-------+-------+-------+-------+-------+----------------------
